Arrhythmia, chaotic female vampiric Convict ---- -- --..| .-- ------ --- |...| --- -...-- ------------....-. . --..| --. .....|---|................|---------------.-- --.| --..---... .|...|...)..%.........|!!%|..|...|...|..| |.| |....... |.|...-[.--|--.........|!+?|..|...|...|..-- ..- | - |.| |......- |.|...|[.|...|..-----..|(..|..|-|---..-................- |<| |.....- |.-----..|...|--|((.|..--|--.|-.....)%..|.....>.........| |.| --....------........|...|..|((.-...%%.........----..-- ...........-- |.| |[.).....)..........|---|%.|((.|......--%-...|.. |..| .........| |.| ---.---...----.----...|.((||------..{...|..|...-. |..| -- ......| |.| |...| --.-- |.%|..-...|(((|.............|..|...|...|..-- | --- |.|--.--- --- |..|..|...|...|-|-......-.|-------------.|.| |.|...| --..----...--|-|..|..-((|...................--- |.|.--- |.....|........|..|..|..|----....---------....-- |...| --....|..#..[..----..|..|...-....|......||.....-- --..| --...|-..@d{........|.(|%..|....-...(_.||......| ---- |...--..|k...#.....--.-----....|......||......- |.......|-.....................|---------..|...| -----------.-------------------- .---.-- --- --- -- Arrhythmia the Jail-bird Experience level: 8 Strength: 12 Dexterity: 12 Constitution: 18 Intelligence: 14 Wisdom: 10 Charisma: 6 Health: 0(84) Energy: 43(43) AC: -3 Gold: 0 Moves: 2711 Your Inventory: Armor b - a cursed +0 striped shirt (being worn) e - a [blessed] +1 pair of speed boots (being worn) f - an [uncursed] +0 hooded cloak [dwarvish] (being worn) n - an [uncursed] +1 dwarvish mithril-coat (being worn) t - an [uncursed] +0 pair of riding gloves [leather] (being worn) u - an [uncursed] +0 small shield (being worn) D - an uncursed +1 leather hat [elven leather helm] (being worn) Scrolls r - an uncursed scroll labeled GARVEN DEH [of magic mapping] s - a cursed scroll labeled XIXAXA XOXAXA XUXAXA [of stinking cloud] Tools k - an uncursed towel q - an uncursed lock pick Iron balls c - an uncursed heavy iron ball (chained to you) Spells known in the end: Name Level Category Fail Memory Your skills at the end: Fighting Skills Weapon Skills sling [Basic / Skilled] Spellcasting Skills Final Attributes: You had transgressed. Hunger level was -345. Your alignment was -27 / 23. Monster difficulty range was 0 - 6. Level difficulty was 5. You were immune to poison. You were immune to level-drain. You were immune to sickness. You were punished. You were going to confuse monsters. You could fly. You could survive without air. You regenerated. You were very fast. Your luck was zero. You are dead. Vanquished creatures: 2 watch captains a giant mimic 4 watchmen a leprechaun 2 gnome kings a jaguar a dwarf lord a dust vortex a plains centaur a human zombie an imp a rock piercer 5 gnome lords a gnomish wizard a red naga hatchling 2 elf zombies a paper golem 7 dwarves a homunculus a giant bat 4 orc zombies an iguana an acid blob 2 coyotes 2 hobbits a giant rat 4 cave spiders a yellow mold 35 gnomes 3 geckos a jackal a kobold 3 sewer rats a bat a lichen a newt 98 creatures vanquished. Voluntary challenges: You went without food. You never hit with a wielded weapon. You read items or engraved 3 times. You put on armor 11 times. You never genocided any monsters. You never polymorphed an object. You never changed form. You used no wishes. You abstained from Elbereth's help. You never encountered a bones level. You never used any Sokoban shortcuts. Dungeon overview: The Dungeons of Doom: levels 1 to 2 Level 1 a long staircase Level 2 a sink stairs to The Gnomish Mines The Gnomish Mines: levels 3 to 5 Level 3 stairs to The Dungeons of Doom Level 5 <- You were here many shops, a temple to Tymora, a magic chest, some fountains, some trees History has recorded: On T:1 you entered the Dungeons of Doom to retrieve the Amulet of Yendor! On T:196 you reached level 2 of The Dungeons of Doom. On T:290 you reached level 1 of The Gnomish Mines. On T:294 you advanced to experience level 2. On T:310 you reached level 2 of The Gnomish Mines. On T:352 you advanced to experience level 3. On T:451 you advanced to experience level 4. On T:655 you advanced to experience level 5. On T:707 you advanced to experience level 6. On T:1048 you advanced to experience level 7. On T:1245 you reached level 3 of The Gnomish Mines. On T:1508 you advanced to experience level 8. Latest messages: The little dog bites! [HP-5=10] The little dog bites! The kobold lord just misses! The little dog bites! The little dog just misses! The little dog misses. [HP+1=11] The kobold lord misses. The little dog misses. [HP+1=12] The little dog bites! [HP-1=11] The little dog bites! The kobold lord hits! The little dog bites! [HP-8=3] [HP+1=4] The little dog misses. The little dog bites! The kobold lord hits! The little dog bites! You die... Final status: Goodbye Arrhythmia the Convict... You died in The Gnomish Mines on dungeon level 5 with 5766 points, and 0 pieces of gold, after 2711 moves. You were level 8 with a maximum of 84 hit points when you died.